 Dungeon Sprint DCSS version 0.18.1-6-gd335043 (webtiles) character file.

2333 Hipnos the Grappler (level 9, -9/75 HPs)
             Began as a Green Draconian Transmuter on May 20, 2016.
             Was a Priest of Sif Muna.
             Mangled by a centaur warrior
             ... wielding a cursed -1 shortbow
              (16 damage)
             ... in the Dungeon (Sprint I: "Red Sonja").
             The game lasted 00:10:25 (1515 turns).

Hipnos the Grappler (Green Draconian Transmuter)    Turns: 1515, Time: 00:10:25

Health: -9/75      AC:  2    Str: 16    XL:     9   Next: 19%
Magic:  16/19      EV: 30    Int: 13    God:    Sif Muna [***...]
Gold:   612        SH:  0    Dex: 17    Spells: 5 memorised, 6 levels left

rFire  . . .     SeeInvis .       - Unarmed
rCold  . . .     Gourm    .     (armour unavailable)
rNeg   . . .     Faith    .     (shield currently unavailable)
rPois  x         Spirit   .     (helmet currently unavailable)
rElec  .         Dismiss  .     (cloak currently unavailable)
rCorr  .         Reflect  .     (gloves currently unavailable)
SustAt .         Harm     .     (boots currently unavailable)
MR     .....     NoTele   +     (no amulet)
Stlth  ++........               (no ring)
                                (no ring)

@: spider-form, not resistant to hostile enchantments, unstealthy
A: (breathe noxious fumes), unfitting armour, (poison resistance), regeneration
1, (cold-blooded), AC +7
a: End Transformation, Channel Energy, Renounce Religion


You were in the Dungeon.
You worshipped Sif Muna.
Sif Muna was most pleased with you.
You were hungry.
You were a venomous arachnid creature.
You visited 1 branch You collected 661 gold pieces.
You spent 49 gold pieces at shops.

Inventory:

Missiles
 a - 10 arrows
Armour
 d - a +0 pair of gloves (melded)
Scrolls
 i - 2 scrolls of blinking
Potions
 g - 2 potions of magic
 h - a potion of lignification {unknown}
Books
 b - a book of Changes

   Spells                             Type                      Level
   a - Beastly Appendage              Transmutation                1
   b - Sticks to Snakes               Transmutation                2
   c - Spider Form                    Transmutation/Poison         3
   d - Ice Form                       Ice/Transmutation            4
   e - Blade Hands                    Transmutation                5
Comestibles
 c - a bread ration


   Skills:
 + Level 6.3 Fighting
 * Level 10.6 Dodging
 * Level 13.0 Unarmed Combat
 + Level 6.8 Spellcasting
 * Level 8.2 Transmutations
 - Level 1.4 Poison Magic


You had 6 spell levels left.
You knew the following spells:

 Your Spells              Type           Power        Failure   Level  Hunger
a - Beastly Appendage     Trmt           ####..       4%          1    None
b - Sticks to Snakes      Trmt           ####....     4%          2    #......
c - Spider Form           Trmt/Pois      ###.......   21%         3    ###....
d - Ice Form              Ice/Trmt       ###.....     56%         4    ####...
e - Blade Hands           Trmt           ####......   36%         5    ######.


Dungeon Overview and Level Annotations

Branches:
Dungeon (1/1)

Altars:
Cheibriados
Dithmenos
Elyvilon
Fedhas
Gozag
Kikubaaqudgha
Makhleb
Nemelex Xobeh
Okawaru
Pakellas
Qazlal
Ru
Sif Muna
Trog
Vehumet
Xom
Yredelemnul
Zin
The Shining One
Jiyva

Shops:
D *![


Innate Abilities, Weirdness & Mutations

((You can breathe blasts of noxious fumes.))
((Your lurid green scales are hard (AC +7).))
Your body does not fit into most forms of armour.
((Your system is resistant to poisons.))
((You are cold-blooded and may be slowed by cold attacks.))
Your natural rate of healing is unusually fast.


Message History

The centaur warrior shoots an arrow.
The arrow barely misses you. The centaur warrior hits you.
You hit the centaur warrior.
The centaur warrior looks even sicker.
The centaur warrior is severely wounded.
The centaur warrior completely misses you.
You completely miss the centaur warrior.
The centaur warrior is severely wounded.
The centaur warrior hits you!
* * * LOW HITPOINT WARNING * * *
You bite the centaur warrior!
The centaur warrior is poisoned.
The centaur warrior is lightly wounded.
The centaur warrior hits you with a shortbow.
* * * LOW HITPOINT WARNING * * *
The centaur warrior completely misses you.
Drink which item? (? for menu, Esc to quit)
It was a potion of beneficial mutation.
You begin to heal more quickly.
You feel fantastic!
The centaur warrior hits you with a shortbow!
You die...

#########################
<.#.)'..#..'..#__#..))..#
..').#..').#..'..'..#...#
..#####'#####'#__####...+
..####..#...#(####[§#####
..#__####..##(#≈§§§§#
..#_.___##'#..+§§§§.+
⌠⌠#_.∩...'..._#§cc§.#
###_..._##_.#'##s###
#_____###'#.#((§.###
###########.####'###.##
∩^.......'...'..(..'(∩#
##++++####.).##########
##.## #+#


You could see 2 centaur warriors.

Vanquished Creatures
  Sonja (D)
  A deep troll (D)
  2 kobold demonologists (D)
  A slime creature (D)
  Sigmund (D)
  A yak (D)
  A giant eyeball (D)
  An ogre (D)
  A jelly (D)
  Ijyb (D)
11 creatures vanquished.

Notes
Turn   | Place    | Note
--------------------------------------------------------------
     0 | D        | Hipnos the Draconian Transmuter began the quest for the Orb.
     0 | D        | Reached XP level 1. HP: 16/16 MP: 3/3
     2 | D        | Noticed Ijyb
    29 | D        | Killed Ijyb
    29 | D        | Reached skill level 5 in Unarmed Combat
    29 | D        | Reached XP level 2. HP: 10/23 MP: 3/5
   241 | D        | Learned a level 2 spell: Sticks to Snakes
   268 | D        | Noticed an ogre
   282 | D        | Killed an ogre
   282 | D        | Reached skill level 7 in Unarmed Combat
   282 | D        | Reached XP level 3. HP: 7/29 MP: 1/7
   282 | D        | Reached XP level 4. HP: 9/36 MP: 1/8
   507 | D        | Learned a level 3 spell: Spider Form
   508 | D        | Noticed Sigmund
   522 | D        | Killed Sigmund
   522 | D        | Reached skill level 9 in Unarmed Combat
   522 | D        | Reached XP level 5. HP: 29/44 MP: 6/11
   577 | D        | Learned a level 4 spell: Ice Form
   577 | D        | Found a deep blue altar of Sif Muna.
   580 | D        | Found a radiant altar of Vehumet.
   584 | D        | Became a worshipper of Sif Muna the Loreminder
   587 | D        | Reached XP level 6. HP: 34/50 MP: 9/12
   679 | D        | Found Xyacsy's Distillery.
   679 | D        | Found a white marble altar of Elyvilon.
   679 | D        | Found a stormy altar of Qazlal.
   679 | D        | Found a burning altar of Makhleb.
   679 | D        | Found a sacrificial altar of Ru.
   679 | D        | Found an oddly glowing altar of Pakellas.
   679 | D        | Found a basalt altar of Yredelemnul.
   679 | D        | Found a glowing golden altar of the Shining One.
   679 | D        | Found a sparkling altar of Nemelex Xobeh.
   679 | D        | Found a shimmering altar of Xom.
   679 | D        | Found an opulent altar of Gozag.
   679 | D        | Found an ancient bone altar of Kikubaaqudgha.
   679 | D        | Found a glowing silver altar of Zin.
   679 | D        | Noticed a yak
   689 | D        | Killed a yak
   689 | D        | Reached skill level 10 in Unarmed Combat
   701 | D        | Found an iron altar of Okawaru.
   702 | D        | Found a bloodstained altar of Trog.
   805 | D        | Found a snail-covered altar of Cheibriados.
   805 | D        | Found a viscous altar of Jiyva.
   805 | D        | Found a shadowy altar of Dithmenos.
   805 | D        | Found a blossoming altar of Fedhas.
   805 | D        | Noticed a slime creature
   816 | D        | Killed a slime creature
   816 | D        | Reached skill level 11 in Unarmed Combat
   816 | D        | Reached skill level 5 in Spellcasting
   816 | D        | Reached skill level 1 in Poison Magic
   816 | D        | Your scales start taking on a lurid green colour.
   816 | D        | Reached XP level 7. HP: 58/58 MP: 10/14
   816 | D        | Gained mutation: Your system is resistant to poisons. [Green Draconian growth]
   845 | D        | Learned a level 5 spell: Blade Hands
   928 | D        | Noticed a kobold demonologist
   929 | D        | Noticed a kobold demonologist
   935 | D        | Paralysed by a giant eyeball for 4 turns
   938 | D        | Killed a kobold demonologist
   938 | D        | Reached * piety under Sif Muna
   938 | D        | Reached skill level 5 in Transmutations
   948 | D        | Killed a kobold demonologist
   948 | D        | Reached skill level 5 in Fighting
   948 | D        | Reached skill level 12 in Unarmed Combat
   948 | D        | Reached XP level 8. HP: 53/68 MP: 13/16
  1056 | D        | Noticed Sonja
  1061 | D        | Killed Sonja
  1061 | D        | Reached ** piety under Sif Muna
  1061 | D        | Reached skill level 10 in Dodging
  1074 | D        | Noticed a deep troll
  1105 | D        | Killed a deep troll
  1105 | D        | Reached *** piety under Sif Muna
  1105 | D        | Reached skill level 13 in Unarmed Combat
  1105 | D        | Reached XP level 9. HP: 13/75 MP: 10/19
  1128 | D        | Found Xeommiy's Armour Emporium.
  1427 | D        | Bought a +0 pair of gloves for 49 gold pieces
  1446 | D        | Found Wiunko Ynooc's General Store.
  1501 | D        | Noticed a centaur warrior
  1503 | D        | Noticed a centaur warrior
  1515 | D        | Gained mutation: Your natural rate of healing is unusually fast. [potion of beneficial mutation]
  1515 | D        | Mangled by a centaur warrior

Skill      XL: |  1  2  3  4  5  6  7  8 |
---------------+-------------------------+-----
Dodging        | 2 4 6 7 9 10 | 10.6
Unarmed Combat | 5 7 9 11 12 13 | 13.0
Fighting       | 2 3 5 6 |  6.3
Spellcasting   | 3 4 5 6 |  6.8
Transmutations | 3 4 6 8 |  8.2
Poison Magic   | 1 |  1.4

Action                   |  1- 3 |  4- 6 |  7- 9 || total
-------------------------+-------+-------+-------++-------
Melee: Unarmed           |    36 |    29 |    32 ||    97
       Kick              |     6 |       |     4 ||    10
       Tailslap          |     1 |       |     2 ||     3
       Headbutt          |     1 |       |       ||     1
 Cast: Beastly Appendage |     3 |       |     2 ||     5
       Sticks to Snakes  |     2 |       |       ||     2
       Spider Form       |       |     4 |     2 ||     6
       Ice Form          |       |       |     1 ||     1
 Abil: Breathe Noxious F |       |       |     2 ||     2
       End Transformatio |       |       |     1 ||     1
  Use: Potion            |     1 |       |     4 ||     5
 Stab: Sleeping          |       |     1 |       ||     1
       Confused          |       |       |     2 ||     2
  Eat: Chunk             |       |     1 |     3 ||     4
Armor: Skin              |     5 |     1 |     4 ||    10
Dodge: Dodged            |    14 |    18 |    34 ||    66
